 Dungeon Crawl Stone Soup version 0.20-a0-1127-g1289703 (webtiles) character file.

2727 Klosterheim the Slicer (level 9, 0/85 HPs)
             Began as a Kobold Gladiator on May 18, 2017.
             Was a Believer of Uskayaw.
             Succumbed to a gnoll's poison
             ... on level 7 of the Dungeon.
             The game lasted 00:20:16 (8647 turns).

Klosterheim the Slicer (Kobold Gladiator)           Turns: 8647, Time: 00:20:16

Health: 0/85       AC: 24    Str: 10 (12) XL:     9   Next: 99%
Magic:  12/12      EV:  3    Int: 11 (14) God:    Uskayaw [**....]
Gold:   366        SH:  0    Dex: 22 (23) Spells: 8/8 levels left

rFire    . . .     SeeInvis .   a - +1 rapier
rCold    + . .     Gourm    .   (shield restricted)
rNeg     + + +     Faith    .   (armour currently unavailable)
rPois    +         Spirit   .   (helmet currently unavailable)
rElec    .         Reflect  .   (cloak currently unavailable)
rCorr    .         Harm     .   (gloves currently unavailable)
MR       +....     NoTele   +   (boots currently unavailable)
Stlth    +++.......             q - amulet of rage
Regen    0.3/turn               o - ring of protection from magic
MPRegen  0.2/turn               s - ring of Jixir {rC+ Slay+3 Stlth+}

@: brilliant, lethally poisoned (0 -> -10), tree-form, very slightly
contaminated, drained
A: agile 2, carnivore 3
a: Stomp, Line Pass, Renounce Religion, Evoke Berserk Rage


You were on level 7 of the Dungeon.
You worshipped Uskayaw.
Uskayaw was noncommittal.
You were completely stuffed.
You were a tree.
You visited 2 branches of the dungeon, and saw 9 of its levels.
You also visited: Sewer.

You collected 366 gold pieces.

Inventory:

Hand Weapons
 a - a +1 rapier (weapon)
Missiles
 d - 3 throwing nets (quivered)
Armour
 c - a +0 helmet (melded)
 y - a +0 chain mail (melded)
Jewellery
 o - a ring of protection from magic (left branch)
 q - an amulet of rage (around neck)
 s - the ring of Jixir (right branch) {rC+ Slay+3 Stlth+}
   (You found it on level 7 of the Dungeon)

   [ring of stealth]

   It affects your accuracy and damage with ranged weapons and melee attacks
   (+3).
   It protects you from cold.
   It makes you more stealthy.
 z - an uncursed amulet of faith {unknown}
Wands
 x - a wand of digging (11/24)
Scrolls
 b - a scroll of amnesia
 k - 3 scrolls of remove curse
 p - a scroll of fog
 r - 4 scrolls of teleportation
 v - a scroll of magic mapping
Potions
 l - a potion of degeneration
 u - a potion of brilliance
Books
 w - a book of Necromancy

   Spells                             Type                      Level
   a - Pain                           Necromancy                   1
   b - Animate Skeleton               Necromancy                   1
   c - Vampiric Draining              Necromancy                   3
   d - Regeneration                   Charms/Necromancy            3
   e - Animate Dead                   Necromancy                   4
   f - Control Undead                 Necromancy                   4
Comestibles
 f - 6 meat rations
 i - a royal jelly


   Skills:
 + Level 7.4(6.9) Fighting
 * Level 11.8(11.3) Short Blades
 - Level 2.1(1.7) Throwing
 * Level 6.5(6.0) Dodging
 + Level 4.8(4.4) Invocations
 + Level 2.5(2.0) Evocations


You had 8 spell levels left.
You didn't know any spells.

Dungeon Overview and Level Annotations

Branches:
Dungeon (8/15)             Temple (1/1) D:4
   Lair: D:8-11

Altars:
Ashenzari
Cheibriados
Dithmenos
Elyvilon
Fedhas
Makhleb
Okawaru
Ru
Sif Muna
Uskayaw
Vehumet
Wu Jian
Xom
Zin

Shops:
D:4 %


Innate Abilities, Weirdness & Mutations

You are small and have problems with some larger weapons.
You are carnivorous and can eat meat at any time.
((You are partially covered in large bone plates. (SH +4)))
You are very agile. (Dex +4)
((You are resistant to electric shocks. (rElec)))


Message History

You cannot move.
You cannot move.
You cannot move.
Okay, then.
Okay, then.
Memorise Regeneration, consuming 3 spell levels and leaving 5?
Your memorisation is interrupted.
* * * LOW HITPOINT WARNING * * *
You feel sick.
There is a lethal amount of poison in your body!
There is a lethal amount of poison in your body!
There is a lethal amount of poison in your body!
There is a lethal amount of poison in your body!
There is a lethal amount of poison in your body!
There is a lethal amount of poison in your body!
There is a lethal amount of poison in your body!
There is a lethal amount of poison in your body!
* * * LOW HITPOINT WARNING * * *
You feel sick.
You die...

#.......#....#...'...)..#...#..
#.......#....#<[.#......#...#..
#.......##+#######......#####..
########......>..###'#### ### ###
#.........#.....# ..##
#.........#.....# ...#
#.........#.....#
..########.........#####'#######
..##.....######†♣.............(#
..#...........#................#
..'...........#...........[....#
..##..........#................#
...############................##
.....................###########.
.....................#...#.......
.....................#...#.......
.....................+...#.......


There were no monsters in sight!

Vanquished Creatures
  Edmund (D:4)
  Menkaure (D:4)
  An ice beast (D:7)
  2 sky beasts (D:6)
  A phantom (D:4)
  5 ogres
  4 bullfrogs
  14 wights
  3 hounds
  2 orc priests
  A bullfrog skeleton (D:5)
  2 centaur skeletons
  5 orc wizards
  3 iguanas
  2 worker ants (D:4)
  A killer bee zombie (D:6)
  A hound zombie (D:6)
  A worker ant zombie (D:7)
  10 adders
  3 gnolls
  A howler monkey skeleton (D:6)
  2 shadow imps
  2 oozes (Sewer)
  An adder skeleton (D:4)
  2 adder zombies
  5 worms
  3 dart slugs
  6 leopard geckos
  18 orcs
  3 giant cockroaches
  6 goblins
  7 hobgoblins
  13 jackals
  4 quokkas
  3 ball pythons
  16 bats
  6 frilled lizards
  11 kobolds
  A leopard gecko skeleton (D:5)
  A leopard gecko zombie (D:5)
  A quokka skeleton (D:4)
  2 quokka zombies
  2 rats
179 creatures vanquished.

Notes
Turn   | Place    | Note
-------+----------+-------------------------------------------
     0 | D:1      | Klosterheim the Kobold Gladiator began the quest for the Orb.
     0 | D:1      | Reached XP level 1. HP: 12/12 MP: 1/1
   169 | D:1      | Reached XP level 2. HP: 8/18 MP: 2/2
   464 | D:1      | Reached XP level 3. HP: 22/22 MP: 3/3
   476 | D:1      | Reached skill level 5 in Short Blades
  1371 | D:2      | Reached XP level 4. HP: 24/28 MP: 4/4
  1913 | D:3      | Found a shattered altar of Ashenzari.
  2067 | D:3      | Reached skill level 6 in Short Blades
  2216 | D:3      | Reached XP level 5. HP: 28/32 MP: 5/5
  2506 | D:4      | Noticed Menkaure
  2508 | D:4      | Gained mutation: You are resistant to electric shocks. (rElec) [potion of mutation]
  2508 | D:4      | Gained mutation: You are agile. (Dex +2) [potion of mutation]
  2508 | D:4      | Gained mutation: You are partially covered in large bone plates. (SH +4) [potion of mutation]
  2508 | D:4      | Gained mutation: You are very agile. (Dex +4) [potion of mutation]
  2518 | D:4      | Killed Menkaure
  2518 | D:4      | Reached skill level 7 in Short Blades
  2518 | D:4      | Reached XP level 6. HP: 7/38 MP: 6/6
  2804 | D:4      | Noticed Edmund
  2848 | D:4      | Killed Edmund
  2848 | D:4      | Reached skill level 8 in Short Blades
  2854 | D:4      | Reached XP level 7. HP: 29/44 MP: 7/7
  3082 | D:4      | Found a staircase to the Ecumenical Temple.
  3115 | D:4      | Reached skill level 5 in Fighting
  3319 | Temple   | Entered the Ecumenical Temple
  3347 | Temple   | Became a worshipper of Uskayaw the Reveler
  3417 | D:4      | Reached * piety under Uskayaw
  3423 | D:4      | Reached ** piety under Uskayaw
  3557 | D:4      | Reached skill level 9 in Short Blades
  3557 | D:4      | Reached skill level 1 in Invocations
  3808 | D:4      | Found Vicw's Food Shoppe.
  4033 | D:5      | Entered Level 5 of the Dungeon
  4137 | D:5      | Found a glowing drain.
  4160 | D:5      | Reached *** piety under Uskayaw
  4168 | D:5      | Reached **** piety under Uskayaw
  4171 | D:5      | Reached XP level 8. HP: 16/50 MP: 9/9
  4196 | Sewer    | Entered a sewer
  5817 | D:5      | You fall through a shaft for 2 floors!
  5836 | D:7      | Reached skill level 10 in Short Blades
  5845 | D:7      | Got a translucent lead ring
  5846 | D:7      | Identified the ring of Jixir {rC+ Slay+3 Stlth+} (You found it on level 7 of the Dungeon)
  6648 | D:6      | Reached XP level 9. HP: 14/56 MP: 11/11
  6954 | D:5      | Reached skill level 11 in Short Blades
  7468 | D:6      | Reached skill level 5 in Dodging
  7539 | D:6      | Reached skill level 1 in Evocations
  8151 | D:7      | Reached ***** piety under Uskayaw
  8246 | D:7      | Found a blossoming altar of Fedhas.
  8624 | D:8      | HP: 1/57 [poisoned by a gnoll]
  8643 | D:7      | HP: 4/85 [poisoned by a gnoll]
  8645 | D:7      | HP: 1/85 [poisoned by a gnoll]
  8647 | D:7      | Succumbed to a gnoll's poison

Vault maps used:
D:1:      scummos_arrival_simple_crosswalls, minmay_misc_feat_room
D:2:      kennysheep_nondescript
D:3:      ashenzari_altar_1
D:4:      temple_statues, serial_shops, nicolae_shop_statue_plus, first_bread,
          uniq_menkaure, uniq_edmund
D:5:      cheibrodos_sewer_entry_bend, guppyfry_early_lair_pool
D:6:      hangedman_decor_clover_reticule, glass_columns_c
D:7:      basic_altar
D:8:      abandoned_shop, nicolae_gozag_cash_rules_everything_around_me
Temple:   nicolae_temple_the_god_donut
Sewer:    sewer_fruit_machine

Skill      XL: |  1  2  3  4  5  6  7  8  9 |
---------------+----------------------------+-----
Short Blades   | 5 6 7 8 9 10 11 | 11.8
Fighting       | 3 4 5 6 7 |  7.4
Invocations    | 1 3 4 |  4.8
Dodging        | 6 |  6.5
Evocations     | 2 |  2.5
Throwing       | |  2.1

Action                   |  1- 3 |  4- 6 |  7- 9 || total
-------------------------+-------+-------+-------++-------
Melee: Rapier            |    70 |   141 |   540 ||   751
       Dagger            |    11 |       |       ||    11
Invok: Stomp             |       |       |     2 ||     2
 Abil: Evoke Berserk Rag |       |       |     1 ||     1
  Use: Scroll            |       |     4 |    11 ||    15
       Potion            |       |     2 |    11 ||    13
 Stab: Sleeping          |     1 |       |     2 ||     3
       Paralysed         |       |       |     7 ||     7
       Distracted        |       |       |     1 ||     1
  Eat: Chunk             |     9 |     5 |    21 ||    35
Armor: Leather armour    |    14 |     4 |       ||    18
       Scale mail        |       |    21 |   160 ||   181
       Chain mail        |       |       |    33 ||    33
Dodge: Dodged            |    68 |    71 |   382 ||   521
Block: Other             |       |     5 |   100 ||   105
